 Dungeon Sprint DCSS version 0.31-a0-37-g98a128e1d9 (webtiles) character file.

Game seed: 16420402586305483474

1023 sircluck the Grappler (level 8, -5/136 HPs)
             Began as a Troll Berserker on May 15, 2023.
             Was a Priest of Trog.
             Slain by a boulder beetle (8 damage)
             ... in the Dungeon (Sprint II: "The Violet Keep of Menkaure").
             The game lasted 00:00:58 (286 turns).

sircluck the Grappler (Troll Berserker)              Turns: 286, Time: 00:00:58

Health: -5/136     AC:  4    Str: 27 (28) XL:     8   Next: 2%
Magic:  7/7        EV: 11    Int:  0 (3)  God:    Trog [***...]
Gold:   486        SH:  0    Dex:  8 (9)  Spells: 7/7 levels left

rFire   . .          .
                       - Unarmed
rCold   . . .        (no shield)
rNeg    . . .        a - +0 animal skin
rPois   .            (helmet restricted)
rElec   .            (no cloak)
rCorr   .            (gloves unavailable)
SInv    .            (boots unavailable)
Will    .....        (no amulet) Stlth
                     (no ring)
HPRegen 1.22/turn    (no ring)
MPRegen 0.10/turn

%: no teleportation
@: berserking, slowed, lost intelligence, unable to read, unable to drink
A: large, unfitting armour, claws 3, regeneration 1, shaggy fur 1, tough skin 1,
deterioration 2, screaming 1, no potion heal 2, inability to drink after injury
2, inability to read after injury 1
a: Renounce Religion, Berserk, Trog's Hand


You were in the Dungeon.
You worshipped Trog.
Trog was most pleased with you.
You visited 1 branch You collected 486 gold pieces.

Inventory:

Armour
 a - a +0 animal skin (worn)
Scrolls
 g - a scroll of blinking
Potions
 b - a potion of curing
 c - a potion of heal wounds
 d - a potion of haste
 e - 2 potions of magic
 f - a potion of berserk rage


   Skills:
 + Level 8.8 Fighting
 + Level 8.6 Dodging
 + Level 11.2 Unarmed Combat


You had 7 spell levels left.
You didn't know any spells.
Your spell library was empty.

Dungeon Overview and Level Annotations

Branches:
Dungeon (1/1)

Altars:


Innate Abilities, Weirdness & Mutations

You are too large for most types of armour.
You have claws for hands.
Your natural rate of healing is unusually fast.
You are covered in fur. (AC +1)
You have tough skin. (AC +1)
Your body often deteriorates upon taking damage.
You occasionally shout uncontrollably at your foes.
Potions cannot restore your health.
You sometimes lose the ability to drink potions when taking damage.
You occasionally lose the ability to read scrolls when taking damage.


Message History

You mangle the boulder beetle!!
The boulder beetle is moderately wounded.
The boulder beetle bites you!!
Your body deteriorates!
You feel clumsy. The boulder beetle bites you!!
You feel threatened and lose the ability to drink potions!
Your body deteriorates!
You feel dopey.
The boulder beetle attacks as you move away!
The boulder beetle barely misses you.
The boulder beetle curls into a ball and begins rolling! x2
The boulder beetle closely misses you.
The boulder beetle stops rolling and uncurls.
The boulder beetle hits you!!
You feel threatened and lose the ability to read scrolls!
* * * LOW HITPOINT WARNING * * *
Your body deteriorates!
You feel weakened.
The boulder beetle stops rolling and uncurls.
There is an open door, spattered with blood here.
The boulder beetle attacks as you move away!
The boulder beetle barely misses you.
A red film seems to cover your vision as you go berserk!
You feel yourself moving faster!
You feel mighty! The boulder beetle bites you!
* * * LOW HITPOINT WARNING * * *
Your body deteriorates!
You feel dopey.
You have lost your intelligence.
The boulder beetle bites you!
* * * LOW HITPOINT WARNING * * *
The boulder beetle bites you.
* * * LOW HITPOINT WARNING * * *
You can move again.
You mangle the boulder beetle!!
The boulder beetle is moderately wounded.
You claw the boulder beetle!
The boulder beetle is moderately wounded.
The boulder beetle waves its antennae.
The boulder beetle bites you!
* * * LOW HITPOINT WARNING * * *
You claw the boulder beetle!
The boulder beetle is heavily wounded.
The boulder beetle bites you!
You die...

##~~#+++#+++##
#~~~.........#
#~~~~.##'##..#
#~~~~##...##.#
#~~~ #..#..#
.. #~~
##.).####.. #~
##'###.##.. #
##.##B..# .
+.<@B#
##†##...#
##'###.##
##...####
#..##.#
####.## +##


You could see 2 boulder beetles.

Vanquished Creatures
  A merfolk siren (D)
  4 neqoxecs (D)
  Menkaure (D)
  A water moccasin (D)
7 creatures vanquished.

Notes
Turn   | Place    | Note
-------+----------+-------------------------------------------
     0 | D        | sircluck the Troll Berserker began the quest for the Orb.
     0 | D        | Reached XP level 1. HP: 22/22 MP: 0/0
     1 | D        | Noticed a merfolk siren
    16 | D        | Killed a merfolk siren
    17 | D        | Reached skill level 8 in Unarmed Combat
    17 | D        | Reached XP level 2. HP: 19/37 MP: 1/1
    17 | D        | Reached XP level 3. HP: 24/45 MP: 2/2
    17 | D        | Reached XP level 4. HP: 28/53 MP: 3/3
    17 | D        | Reached XP level 5. HP: 32/61 MP: 4/4
    17 | D        | Reached XP level 6. HP: 36/68 MP: 5/5
    51 | D        | Noticed an orange crystal statue
    53 | D        | Noticed Menkaure
    58 | D        | Killed Menkaure
    58 | D        | Reached ** piety under Trog
    59 | D        | Reached skill level 9 in Unarmed Combat
    70 | D        | Noticed a neqoxec
    70 | D        | Noticed a neqoxec
    70 | D        | Noticed a neqoxec
    70 | D        | Noticed a neqoxec
    72 | D        | Gained mutation: You occasionally lose the ability to read
                  | scrolls when taking damage. [a neqoxec]
    74 | D        | Gained mutation: You occasionally lose the ability to drink
                  | potions when taking damage. [a neqoxec]
    75 | D        | Killed a neqoxec
    75 | D        | Gained mutation: Your body sometimes deteriorates upon
                  | taking damage. [a neqoxec]
    75 | D        | Gained mutation: Potions are less effective at restoring
                  | your health. [a neqoxec]
    76 | D        | Reached XP level 7. HP: 56/79 MP: 6/6
    78 | D        | Lost intelligence.
    87 | D        | Killed a neqoxec
    87 | D        | Reached *** piety under Trog
    88 | D        | Reached skill level 10 in Unarmed Combat
    89 | D        | Gained mutation: Potions cannot restore your health. [a
                  | neqoxec]
    93 | D        | Killed a neqoxec
    93 | D        | Gained mutation: You occasionally shout uncontrollably at
                  | your foes. [a neqoxec]
    96 | D        | Gained mutation: You sometimes lose the ability to drink
                  | potions when taking damage. [a neqoxec]
    97 | D        | Gained mutation: Your body often deteriorates upon taking
                  | damage. [a neqoxec]
    99 | D        | Killed a neqoxec
   100 | D        | Reached skill level 11 in Unarmed Combat
   117 | D        | Reached XP level 8. HP: 39/91 MP: 7/7
   275 | D        | Noticed a boulder beetle
   275 | D        | Noticed a boulder beetle
   281 | D        | Lost intelligence.
   285 | D        | HP: 2/136 [boulder beetle (10)]
   286 | D        | Slain by a boulder beetle

Illustrated notes

Levels and vault maps discovered:
D:        the_violet_keep_of_menkaure [sprint2_stairs_cluster_1,
          sprint2_shoproom, sprint2_temple, sprint2_basic_supplies,
          sprint2_obstacle_2, sprint2_obstacle_5, sprint2_obstacle_4,
          sprint2_obstacle_6, sprint2_obstacle_1, sprint2_timed_cluster_1,
          sprint2_smallroom_cluster_1, sprint2_smallroom_final_cluster_1,
          sprint2_transparent_cluster_1, sprint2_second_timed_cluster_1,
          sprint2_sniper_area_1, sprint2_heavy_combat_area_1,
          sprint2_mutation_trap_area_1, sprint2_forest_area_1,
          sprint2_light_combat_area_1, sprint2_behind_water_1,
          sprint2_near_end_vault_1]

Skill      XL: |  1  2  3  4  5  6  7 |
---------------+----------------------+-----
Fighting       | 6 7 8 |  8.8
Dodging        | 6 7 8 |  8.6
Unarmed Combat | 8 9 11 | 11.2

Action                     |  1- 3 |  4- 6 |  7- 9 || total
---------------------------+-------+-------+-------++-------
  Melee: Unarmed           |    14 |     8 |    28 ||    50
         Punch             |     1 |       |       ||     1
 Invoke: Berserk           |       |       |     1 ||     1
 Armour: Animal skin       |       |       |     5 ||     5
  Dodge: Dodged            |     2 |     1 |    10 ||    13

Table legend: (Time is in decaauts)
 A = Elapsed time spent in this place.
 B = Non-inter-level travel time spent in this place.
 C = Inter-level travel time spent in this place.
 D = Time resting spent in this place.
 E = Time spent auto-exploring this place.
 F = Levels seen in this place.
 G = Mean time per level.
                   A        B        C        D        E       F      G
               +--------+--------+--------+--------+--------+-----+--------+
         Total |    297 |    289 |      8 |    161 |     37 |   1 |  297.0 |
       Dungeon |    297 |    289 |      8 |    161 |     37 |   1 |  297.0 |
               +--------+--------+--------+--------+--------+-----+--------+

Top non-repeatable levels by time:
       D: 297 daAuts
